 Dungeon Crawl Stone Soup version 0.30-a0-918-g0ff054e9dc (webtiles) character file.

Game seed: 14620292028866139447

477 cforsyth the Shield-Bearer (level 7, 0/55 HPs)
             Began as a Human Fighter on Mar 21, 2023.
             Succumbed to a water moccasin's poison
             ... on level 4 of the Dungeon.
             The game lasted 00:04:44 (4164 turns).

cforsyth the Shield-Bearer (Human Fighter)          Turns: 4164, Time: 00:04:45

Health: 0/55       AC:  8    Str: 17 (19) XL:     7   Next: 33%
Magic:  7/7        EV:  9    Int:  7 (8)  God:
Gold:   185        SH:  5    Dex: 11 (12) Spells: 6/6 levels left

rFire   . . .      SeeInvis .    a - +1 flail
rCold   . . .      Faith    .    c - +0 buckler
rNeg    . . .      Spirit   .    b - +0 scale mail
rPois   .          Reflect  .    (no helmet)
rElec   .          Rampage  .    (no cloak)
rCorr   .                        (no gloves)
Will    .....                    x - +0 pair of boots Stlth
                                 (no amulet)
HPRegen 0.29/turn                (no ring)
MPRegen 0.10/turn                (no ring)

@: mighty, brilliant, lethally poisoned (0 -> -3), hasted, very quick
A: no striking features
a: no special abilities


You were on level 4 of the Dungeon.
You visited 1 branch of the dungeon, and saw 5 of its levels.
You also visited: Sewer.

You collected 185 gold pieces.

Inventory:

Hand Weapons
 a - a +1 flail (weapon)
Armour
 b - a +0 scale mail (worn)
 c - a +0 buckler (worn)
 x - a +0 pair of boots (worn)
Jewellery
 e - an amulet of regeneration
 s - a ring of resist corrosion
Scrolls
 g - a scroll of acquirement {unknown}
 h - a scroll of fog {unknown}
 i - a scroll of magic mapping {unknown}
 j - a scroll of enchant armour {unknown}
 k - a scroll of teleportation
 n - a scroll of noise
 p - 2 scrolls of identify {unknown}
 q - a scroll of vulnerability {unknown}
 r - 2 scrolls of poison
 t - 2 scrolls of enchant weapon
 u - a scroll of butterflies {unknown}
 y - a scroll of blinking {unknown}
Potions
 f - a potion of degeneration
 m - 2 potions of lignification


   Skills:
 + Level 4.6 Fighting
 + Level 4.0 Maces & Flails
 + Level 4.6 Armour
 + Level 4.6 Shields


You had 6 spell levels left.
You didn't know any spells.
Your spell library contained the following spells:

 Spells                   Type           Power      Damage    Failure   Level
 Kiss of Death            Conj/Necr      0%         2d5       88%         1
 Confusing Touch          Hex            0%         N/A       99%         3
 Stone Arrow              Conj/Erth      0%         3d7       99%         3
 Animate Armour           Summ/Erth      0%         N/A       100%        4
 Dispel Undead            Necr           0%         3d6       100%        4
 Lehudib's Crystal Spear  Conj/Erth      0%         10d2      100%        8


Dungeon Overview and Level Annotations

Branches:
Dungeon (5/15)              Sewer (visited)
 Temple: D:4-7

Altars:
Uskayaw

Shops:
D:2 (


Message History

Beogh smites you!
You are too injured to fight recklessly!
You are too injured to fight recklessly!
You are too injured to fight recklessly!
You are too injured to fight recklessly!
You are too injured to fight recklessly!
You are too injured to fight recklessly!
You are too injured to fight recklessly!
You feel yourself slow down.
You feel very sick. The water moccasin bites you.
* * * LOW HITPOINT WARNING * * *
You climb upwards.
You feel very sick.
There is a stone staircase leading down here.
You feel yourself speed up.
You feel sick. The orc closely misses you.
The orc priest miscasts a cantrip.
You block the water moccasin's attack.
You hit the orc priest.
The orc priest is moderately wounded.
You feel sick. The orc barely misses you. The orc priest completely misses you.
The water moccasin bites you.
* * * LOW HITPOINT WARNING * * *
The air fills with toxic fumes!
As you read the scroll labelled TUF DUENOEHISM, it crumbles to dust.
It was a scroll of poison.
You feel sick.
The water moccasin bites you but does no damage.
The orc priest invokes the aid of Beogh against you.
Pain shoots through your body!
* * * LOW HITPOINT WARNING * * *
The orc hits you but does no damage.
As you read the scroll labelled XICKATZ DEASSI, it crumbles to dust.
It is a scroll of enchant weapon.
Your +0 flail glows red for a moment.
The water moccasin closely misses you. You block the orc priest's attack.
The orc hits you but does no damage.
Okay, then.
Unknown command.
Okay, then.
Unknown command.
You die...

.#
#..........................#
.#
#....#....§§§####..#####.#.#
.# #....##.###§## #.## #.#.#
.# #######.§§#§# ###§# #.#.#
.# ###§§§###§§.# #.#.# .#
##§§#§§§### #.#.. .#
#§§§§### #.###
.###############§o## #....
.........§§§§§§§@S# #####
################o###########
#§§.........# ###########.#
#.# #.# #.###### #.......
#.#####.


You could see a water moccasin, an orc priest and an orc.

Vanquished Creatures
  Pargi (Sewer)
  A scorpion (D:5)
  4 hounds
  A sleepcap (D:3)
  An iguana (D:4)
  4 adders
  3 gnolls (D:3)
  A white imp (D:4)
  5 worms
  A dart slug (D:2)
  4 orcs
  5 ball pythons
  5 endoplasms
  6 giant cockroaches
  2 goblins (D:1)
  6 hobgoblins
  4 quokkas
  2 bats
  3 frilled lizards
  5 kobolds
  5 rats
69 creatures vanquished.

Notes
Turn   | Place    | Note
-------+----------+-------------------------------------------
     0 | D:1      | cforsyth the Human Fighter began the quest for the Orb.
     0 | D:1      | Reached XP level 1. HP: 18/18 MP: 1/1
   127 | D:1      | Reached XP level 2. HP: 20/24 MP: 2/2
   199 | D:1      | Found a faded altar of an unknown god.
   890 | D:2      | Found Wagucih's Antique Weapon Boutique.
   929 | D:2      | Reached XP level 3. HP: 20/29 MP: 3/3
  1973 | D:3      | Reached XP level 4. HP: 31/35 MP: 4/4
  2195 | D:3      | Found a glowing drain.
  2227 | Sewer    | Entered a sewer
  2247 | Sewer    | Noticed Pargi
  2257 | Sewer    | Killed Pargi
  2258 | Sewer    | Reached XP level 5. HP: 9/42 MP: 5/5
  2565 | D:3      | Reached XP level 6. HP: 38/48 MP: 6/6
  3080 | D:4      | Found a hide-covered altar of Uskayaw.
  4073 | D:5      | Entered Level 5 of the Dungeon
  4116 | D:5      | Reached XP level 7. HP: 42/55 MP: 7/7
  4142 | D:5      | Noticed a water moccasin
  4162 | D:4      | HP: 1/55 [orc priest/nerve-wracking pain (6)]
  4164 | D:4      | Succumbed to a water moccasin's poison

Illustrated notes

Levels and vault maps discovered:
D:1:      dreamdust_arrival_sigmund_warning, layout_basic,
          hellmonk_ecumenical_altar_pennies_from_heaven,
          minmay_stone_trees_small
D:2:      layout_basic, serial_rivers, chequers_serial_rivers_micro_c,
          chequers_serial_rivers_small_3, chequers_serial_rivers_micro_e,
          chequers_serial_rivers_micro_c, chequers_serial_rivers_marsh,
          chequers_serial_rivers_micro_b, serial_shops, shop
D:3:      layout_loops_ring, portal_sewer_entry_f
D:4:      layout_basic, mainiacjoe_overflow_chevrons, nicolae_hexahallways,
          hangedman_decor_opposing
D:5:      layout_rooms, minmay_temple_entry_proselytizer, uniq_ijyb, uniq_pikel

Skill      XL: |  1  2  3  4  5  6  7 |
---------------+----------------------+-----
Maces & Flails | 3 4 |  4.0
Shields        | 4 |  4.6
Fighting       | 4 |  4.6
Armour         | 4 |  4.6

Action                     |  1- 3 |  4- 6 |  7- 9 || total
---------------------------+-------+-------+-------++-------
  Melee: Flail             |   116 |   174 |    15 ||   305
    Use: Potion            |       |     9 |     1 ||    10
         Scroll            |       |     2 |     2 ||     4
 Armour: Scale mail        |    46 |   107 |     4 ||   157
         Skin              |       |    50 |    13 ||    63
  Dodge: Dodged            |    43 |   125 |     7 ||   175
  Block: Buckler           |    30 |    61 |     8 ||    99

Table legend: (Time is in decaauts)
 A = Elapsed time spent in this place.
 B = Non-inter-level travel time spent in this place.
 C = Inter-level travel time spent in this place.
 D = Time resting spent in this place.
 E = Time spent auto-exploring this place.
 F = Levels seen in this place.
 G = Mean time per level.
                   A        B        C        D        E       F      G
               +--------+--------+--------+--------+--------+-----+--------+
         Total |   4245 |   4126 |    119 |      0 |   3453 |   6 |  707.5 |
       Dungeon |   3954 |   3835 |    119 |      0 |   3226 |   5 |  790.8 |
         Sewer |    291 |    291 |      0 |      0 |    227 |   1 |  291.0 |
               +--------+--------+--------+--------+--------+-----+--------+

Top non-repeatable levels by time:
     D:4: 1112 daAuts
     D:2: 1041 daAuts
     D:3: 1004 daAuts
     D:1: 726 daAuts
   Sewer: 291 daAuts
     D:5: 69 daAuts
